[Event "55th Ladies GM 2024"]
[Site "Belgrade9"]
[Date "2024.03.05"]
[Round "4.5"]
[White "Maltsevskaya, Aleksandra"]
[Black "Vujovic, Vera"]
[Result "1-0"]
[ECO "A07"]
[WhiteElo "2374"]
[BlackElo "2175"]
[Annotator "TA"]
[PlyCount "59"]
[EventDate "2024.03.02"]
[EventType "tourn"]
[EventCountry "SRB"]
[SourceTitle "playchess.com"]
[Source "ChessBase"]
[SourceQuality "1"]
[TimeControl "40/5400+30:1800+30"]

1. Nf3 d5 2. g3 Nf6 3. Bg2 c6 4. O-O Bg4 5. d3 Nbd7 6. h3 Bh5 7. Qe1 e5 8. e4 dxe4 9. dxe4 {[%emt 0:00:07] The position is equal.} Qc7 10. Nh4 O-O-O 11. Be3 Nc5 12. Nd2 Ne6 13. c3 {[%emt 0:00:50][%cal Ob2b4] Wards off Nd4} (13. Bxa7 b6 14. Nc4 Nd7 $17 (14... Qxa7 15. Nxe5 Qc7 16. Nxc6 $17) (14... Qxa7 15. Nxe5 Qc7 16. Nxc6 $17)) 13... g5 ({Better is} 13... Bc5 $11) 14. Nf5 $14 Bg6 15. a4 (15. Bxa7 b6 $11) 15... Kb8 16. Nc4 {[%emt 0:00:45] Black must now prevent b4.} h6 $2 (16... Nd5 $1 $14) 17. b4 $18 Rg8 {[%emt 0:05:40] [#]} (17... Nd7 {was necessary.} 18. Qe2 f6) 18. a5 $1 c5 $2 (18... Nd7 {was called for.} 19. Qe2 h5) 19. b5 Bxf5 (19... Nd7 $142 20. Qe2 Rc8) 20. exf5 {[%emt 0:00:07][%cal Ob5b6] aiming for b6!} Nf4 21. b6 Qe7 22. a6 Nxg2 23. Qb1 Nd5 24. bxa7+ Ka8 25. Nb6+ Nxb6 26. Qxb6 (26. Kxg2 Qc7 $18 (26... Kxa7 $2 27. Qe4 $18)) 26... Rd7 27. Bxc5 (27. Rfd1 $142 Bg7 28. Rxd7 (28. Kxg2 g4 $18) 28... Qxd7 29. Rb1 (29. Kxg2 Qc6+ 30. Qxc6 bxc6 $18) 29... Rb8 30. axb8=B (30. Bxc5 Bf8 31. Bxf8 Nf4 32. Bd6 Nxh3+ 33. Kh2 Qc8 34. axb8=Q+ Qxb8 35. axb7+ Qxb7 36. Qxb7#) 30... Kxb8 31. axb7 (31. Kxg2 Bf8 32. axb7 Bd6 33. Qa6 Qd8 34. Rb6 Bf8 35. Qa8+ Kc7 36. b8=Q+ Qxb8 37. Qc6+ Kd8 38. Rxb8+ Ke7 39. Bxc5#) (31. Qxb7+ Qxb7 32. Rxb7+ Ka8 $18) (31. Bxc5 Bf8 32. Bxf8 Nh4 33. Bd6+ Kc8 34. axb7+ Qxb7 35. Qxb7+ Kd8 36. Qe7+ Kc8 37. Qe8#) 31... Qc7 32. Qxc7+ (32. Kxg2 Qxb6 33. Rxb6 e4 $18) 32... Kxc7 33. b8=Q+ (33. b8=R Nxe3 34. fxe3 e4 $18) 33... Kd7 34. Rd1+ Ke7 35. Qd8#) 27... Qe8 28. axb7+ Rxb7 {[%emt 0:00:10] [#]} 29. Qxb7+ Kxb7 30. a8=Q+ {[%emt 0:00:07] Weighted Error Value: White=0.57/Black=0.73.  Loses game:     	---       	Black=1      Mistake:       	---       	Black=4      Inaccurate:     	White=2     	Black=2      OK:         	White=3     	Black=3      Best:        	White=2     	---        Strong:       	White=1     	---} 1-0

[Event "55th Ladies GM 2024"]
[Site "Belgrade9"]
[Date "2024.03.06"]
[Round "5.1"]
[White "Vujovic, Vera"]
[Black "Pogorelskikh, Sofia"]
[Result "0-1"]
[ECO "B33"]
[WhiteElo "2175"]
[BlackElo "2214"]
[Annotator "RC"]
[PlyCount "130"]
[EventDate "2024.03.02"]
[EventType "tourn"]
[EventCountry "SRB"]
[SourceTitle "playchess.com"]
[Source "ChessBase"]
[SourceQuality "1"]
[TimeControl "40/5400+30:1800+30"]

1. e4 c5 2. Nf3 Nc6 3. d4 cxd4 4. Nxd4 Nf6 5. Nc3 e5 6. Ndb5 d6 7. Bg5 a6 8. Na3 b5 9. Nd5 Be7 10. Bxf6 Bxf6 11. c3 Rb8 12. Nc2 Bg5 13. a4 bxa4 14. Ncb4 Nxb4 15. Nxb4 Bd7 16. Bxa6 Qa5 17. Qxd6 Rb6 18. Qd3 Be6 19. Bc4 Rxb4 20. cxb4 Qxb4+ 21. Qc3 Qxc3+ 22. bxc3 Bxc4 23. Rxa4 Be6 24. Ra8+ Bd8 25. O-O O-O 26. Rfa1 g6 27. R1a4 Bb6 28. R8a6 Bc5 29. R4a5 Rd8 30. Ra8 Rxa8 31. Rxa8+ Kg7 32. Ra5 Bd6 33. Ra6 Be7 34. Ra7 Kf6 35. Ra6 Bc5 36. Rc6 Ba3 37. Ra6 Bb2 38. c4 Bd4 39. h3 Kg5 40. g3 Bxh3 41. Rc6 Be6 42. Rc7 Kf6 43. c5 Bc4 44. Kg2 h5 45. Kf3 Ke6 46. Kg2 g5 47. Rc6+ Ke7 48. Rh6 Be2 49. f3 g4 50. f4 Bf3+ 51. Kh2 exf4 52. Rxh5 Bf2 53. Re5+ Kd7 54. gxf4 g3+ 55. Kh3 g2 56. Rg5 g1=Q 57. Rxg1 Bxg1 58. e5 Bxc5 59. f5 Ke7 60. Kg3 Be4 61. Kf4 Bc2 62. Kg5 Be3+ 63. Kg4 Bd2 64. e6 f6 65. Kh5 Bxf5 0-1

[Event "55th Ladies GM 2024"]
[Site "Belgrade9"]
[Date "2024.03.06"]
[Round "5.2"]
[White "Mehmed, Elif"]
[Black "Maltsevskaya, Aleksandra"]
[Result "0-1"]
[ECO "B10"]
[WhiteElo "2194"]
[BlackElo "2374"]
[Annotator "TA"]
[PlyCount "76"]
[EventDate "2024.03.02"]
[EventType "tourn"]
[EventCountry "SRB"]
[SourceTitle "playchess.com"]
[Source "ChessBase"]
[SourceQuality "1"]
[TimeControl "40/5400+30:1800+30"]

1. e4 c6 2. Nf3 d5 3. d3 g6 4. e5 c5 5. c3 d4 6. b4 Bg7 7. bxc5 Nc6 8. cxd4 {[%emt 0:07:25][%cal Od4d5] White is slightly better.} Nxd4 (8... Nh6 $14) 9. Qa4+ $16 Nc6 10. d4 {[%emt 0:01:18] Black is weak on the dark squares} Nh6 11. Bb2 Bd7 12. Qd1 Bg4 13. Nbd2 Nf5 {[%emt 0:01:57][%cal Og4f3] [#]} 14. Bd3 $2 (14. Qa4 $1 $16) 14... Nfxd4 $15 15. Bxd4 Nxd4 16. Qa4+ Nc6 17. Qxg4 (17. Bb5 $15 Bd7 18. Nc4) 17... Qxd3 $17 18. Rb1 Nxe5 19. Nxe5 Bxe5 20. Qa4+ Kf8 {[%emt 0:00:09] Black is much more active.} 21. Qb5 (21. Qc4 $17 {is a better defense.} Qd7 22. Ke2) 21... Qc2 (21... Qxb5 22. Rxb5 Rc8 23. O-O $17) (21... Qc3 $19 {aiming for ...Rd8.} 22. Qb3 Rd8 (22... Qxc5 $2 23. O-O $17) 23. Qxc3 Bxc3) 22. Qb3 ({White should try} 22. Qc4 Qxc4 (22... Bc3 23. O-O $11) 23. Nxc4 Bc3+ 24. Ke2) 22... Qxc5 {[%emt 0:00:09] [#] And now ...Bc3 would win.} 23. O-O b6 24. Ne4 Qc7 25. Rbc1 Qd7 26. f4 (26. Rcd1 $142 Bd4 27. Ng5) 26... Bd4+ 27. Kh1 Kg7 28. f5 (28. Ng5 $17 Qe8 29. Nf3) 28... f6 $19 (28... gxf5 29. Rcd1 Rac8 (29... fxe4 30. Qxf7+ Kh6 31. Rf4) 30. Ng3 $11) 29. Rcd1 Rad8 (29... gxf5 $2 {perishes.} 30. Ng3 e6 31. Nh5+ (31. Rf4 Rad8 $18) 31... Kf7 32. Rxf5 $18) 30. fxg6 hxg6 {[%emt 0:00:05] Threatens to win with ...Qg4.} 31. Ng5 $2 (31. h3) 31... fxg5 32. Rf7+ Kh6 33. Qf3 Qe6 {[%emt 0:04:29][%cal Od4f6] Strongly threatening ...Bf6!} 34. g4 Qe3 ({Inferior is} 34... Qxa2 35. Qh3#) 35. Rf1 Rh7 {[%emt 0:00:15] ( -> ...Rxf7)} (35... Qxf3+ $2 36. R1xf3 $17) 36. Rxh7+ Kxh7 37. Qf7+ Bg7 {[%emt 0:00:45] White must now prevent ...Rf8.} 38. Rf3 Rd1+ {[%emt 0:00:07] Weighted Error Value: White=0.82/Black=0.16 (very precise) .  Mistake:       	White=7     	Black=2      Inaccurate:     	White=2     	Black=2      OK:         	White=10    	Black=7      Best:        	White=2     	Black=5} 0-1

[Event "55th Ladies GM 2024"]
[Site "Belgrade9"]
[Date "2024.03.06"]
[Round "5.3"]
[White "Lu, Miaoyi"]
[Black "Kulkarni Bhakti"]
[Result "1/2-1/2"]
[ECO "D94"]
[WhiteElo "2392"]
[BlackElo "2372"]
[Annotator "TA"]
[PlyCount "127"]
[EventDate "2024.03.02"]
[EventType "tourn"]
[EventCountry "SRB"]
[SourceTitle "playchess.com"]
[Source "ChessBase"]
[SourceQuality "1"]
[TimeControl "40/5400+30:1800+30"]

1. Nf3 d5 2. e3 Nf6 3. c4 g6 4. d4 c6 5. Nc3 Bg7 6. cxd5 cxd5 7. Bb5+ Nbd7 8. Qb3 e6 9. Bd2 {[%emt 0:03:08] D94: Grünfeld: 4 Nf3 Bg7 5 e3.} O-O 10. O-O Ne4 11. Be1 Nd6 12. Bd3 a6 $146 ({Predecessor:} 12... Nb6 13. a4 Bd7 14. Nb5 Bxb5 15. axb5 Qc7 16. Qd1 Rfc8 {½-½ Javakhishvili,L (2469)-Nikolaidis,I (2545) Isthmia op 1st 2011 (6)}) 13. Ne2 a5 14. a4 Nb8 15. Nc3 Nc6 16. Nb5 f5 17. Nxd6 Qxd6 18. Rc1 Bf6 19. Rc5 Bd7 20. Bb5 (20. Qxb7 $2 Rfb8 $19) 20... Rfc8 21. Bxc6 Bxc6 22. Bxa5 e5 (22... Qd7 $11) 23. Bb4 e4 (23... exd4 $14 24. Nxd4 Bxd4) 24. Nd2 ({White should try} 24. Ne5 $1 $16 {[%cal Oc5c6] Threatens to win with Rxc6!} Qe6 25. a5) 24... Qe6 $11 25. Ra5 f4 26. Qd1 Bg5 (26... fxe3 $17 27. fxe3 Bg5) 27. Re1 ({White should play} 27. Rxa8 $11 Rxa8 28. exf4 Rxa4 29. fxg5 Rxb4 30. Qc1 (30. Nb3 Qf5 $15) 30... Rxd4 31. Nb3) 27... Rxa5 $15 28. Bxa5 fxe3 29. fxe3 Ra8 30. b4 (30. Bb4 $15) 30... Qd7 ({Better is} 30... Bd7 $17 {...b6 would now be deadly.} 31. Qb3 Ra6 (31... b6 32. Bxb6 Bxa4 33. Qa2 $15)) 31. Nb3 $1 $15 Bxa4 32. Nc5 $1 Bxd1 33. Nxd7 Bg4 34. Nc5 (34. Nb6 $11 {remains equal.} Rd8 35. b5) 34... Bh4 (34... b5 $17) 35. g3 $11 Be7 36. Nxb7 Bxb4 37. Bxb4 Rb8 38. Na5 Rxb4 39. Nc6 Rb2 40. Ne7+ Kg7 41. Nxd5 Bf3 42. Ra1 Rg2+ 43. Kf1 Rxh2 44. Ra7+ Kh6 45. Nf6 Kg5 46. Rxh7 Ra2 47. Rf7 Ra6 48. Nh7+ Kg4 49. Rf6 Ra1+ 50. Kf2 Ra2+ 51. Ke1 $1 g5 52. Rg6 Ra1+ 53. Kd2 Ra2+ 54. Kc3 Kxg3 55. Nxg5 (55. Rxg5+ $2 {perishes.} Kf2 $17) 55... Kf2 $1 56. d5 Kxe3 57. d6 Ra3+ 58. Kb4 Rd3 59. Nf7 Bh5 60. Rg3+ Ke2 61. Rxd3 exd3 62. d7 d2 $1 63. d8=Q d1=Q 64. Qxd1+ 1/2-1/2

[Event "55th Ladies GM 2024"]
[Site "Belgrade9"]
[Date "2024.03.06"]
[Round "5.4"]
[White "Xu, Yuanyuan"]
[Black "Doluhanova, Evgeniya"]
[Result "0-1"]
[ECO "A13"]
[WhiteElo "2288"]
[BlackElo "2261"]
[Annotator "TA"]
[PlyCount "80"]
[EventDate "2024.03.02"]
[EventType "tourn"]
[EventCountry "SRB"]
[SourceTitle "playchess.com"]
[Source "ChessBase"]
[SourceQuality "1"]
[TimeControl "40/5400+30:1800+30"]

1. Nf3 Nf6 2. c4 e6 3. e3 b6 4. b3 Bb7 5. Bb2 Be7 6. g3 O-O 7. Bg2 d5 8. cxd5 {[%emt 0:00:00] The position is equal.} Nxd5 9. a3 Nd7 10. O-O Ba6 11. Re1 Nc5 12. Ne5 Bf6 {[%emt 0:01:38] [#] Hoping for ...Bxe5.} 13. d4 (13. Nc6 $11 Qe8 14. Bxf6 Nxf6 15. Ne5) 13... Bxe5 $15 14. dxe5 Nd3 15. Re2 {[%emt 0:00:00] [#]} (15. Bf1 $1 $15 Ne7 (15... Nxb2 16. Qc2 $15) 16. Bxd3 Qxd3 (16... Bxd3 17. Nc3 $15) 17. Qxd3 Bxd3 18. Bc3) 15... N5f4 $2 {[%emt 0:17:45] Black is much more active. The white rooks are passive.} 16. gxf4 (16. exf4 {is interesting.} Nxb2 17. Qc2 Bxe2 18. Qxe2 Qd4 19. Ra2) 16... Nxb2 $1 17. Qxd8 (17. Qc2 $14 Bxe2 18. Qxe2) 17... Raxd8 $11 18. Rd2 Rxd2 19. Nxd2 Rd8 20. Ne4 Kf8 21. Bf3 Bb7 22. Rb1 Nd3 23. Kg2 Ke7 24. b4 f6 25. exf6+ gxf6 26. Nd2 c6 (26... Nxf2 $2 27. Kxf2 Rxd2+ 28. Ke1 $18) 27. Nb3 e5 28. Rd1 (28. fxe5 $11 {keeps the balance.} Rg8+ (28... Nxe5 29. Be4 $11) (28... fxe5 29. b5 $11) 29. Kf1 Nxe5 (29... fxe5 30. b5 $11) 30. Nd4) 28... e4 $17 ({But not} 28... exf4 $6 29. Nd4 Rg8+ 30. Kf1 $11) 29. Be2 c5 30. bxc5 bxc5 31. Kf1 Bd5 32. Na5 {[%emt 0:00:39] Loses the game.} (32. Rb1 $17) 32... c4 $19 33. f3 f5 {[%emt 0:00:43] ...c3 is the strong threat.} 34. fxe4 fxe4 {[%emt 0:00:04] White must now prevent ...c3.} 35. Rb1 Rd6 ({Don't play} 35... c3 36. Bd1 $19) 36. Rb8 $2 (36. Rb5 {might work better.}) 36... Ra6 37. Rb5 Kd6 {[%emt 0:01:05] And now ...Rb6 would win.} 38. Bd1 $2 (38. Bh5) 38... Rb6 {[%emt 0:00:26] Black is clearly winning.} 39. Ba4 Nb2 40. Rxb6+ axb6 {[%emt 0:00:05] Weighted Error Value: White=0.75/Black=0.24 (precise) .  Loses game:     	White=1     	---        Mistake:       	White=6     	Black=1      Inaccurate:     	White=3     	Black=2      OK:         	White=14    	Black=10     Best:        	---       	Black=3      Strong:       	---       	Black=1} 0-1

[Event "55th Ladies GM 2024"]
[Site "Belgrade9"]
[Date "2024.03.06"]
[Round "5.4"]
[White "Xu, Yuanyuan"]
[Black "Doluhanova, Evgeniya"]
[Result "*"]
[ECO "A13"]
[WhiteElo "2288"]
[BlackElo "2261"]
[Annotator "RC"]
[PlyCount "38"]
[EventDate "2024.03.02"]
[EventType "tourn"]
[EventCountry "SRB"]
[SourceTitle "playchess.com"]
[Source "ChessBase"]
[SourceQuality "1"]
[TimeControl "40/5400+30:1800+30"]

1. Nf3 Nf6 2. c4 e6 3. e3 b6 4. b3 Bb7 5. Bb2 Be7 6. g3 O-O 7. Bg2 d5 8. cxd5 Nxd5 9. a3 Nd7 10. O-O Ba6 11. Re1 Nc5 12. Ne5 Bf6 13. d4 Bxe5 14. dxe5 Nd3 15. Re2 N5f4 16. gxf4 Nxb2 17. Qxd8 Rc8 18. Qxf8+ Rxf8 19. Rd2 Rd8 *

[Event "55th Ladies GM 2024"]
[Site "Belgrade9"]
[Date "2024.03.06"]
[Round "5.5"]
[White "Kubicka, Anna"]
[Black "Djukic, Sandra"]
[Result "1/2-1/2"]
[ECO "B27"]
[WhiteElo "2278"]
[BlackElo "2127"]
[Annotator "TA"]
[PlyCount "106"]
[EventDate "2024.03.02"]
[EventType "tourn"]
[EventCountry "SRB"]
[SourceTitle "playchess.com"]
[Source "ChessBase"]
[SourceQuality "1"]
[TimeControl "40/5400+30:1800+30"]

1. e4 c5 2. Nf3 g6 3. c3 d5 4. e5 a6 5. d4 Nc6 6. h3 {[%emt 0:01:39] B27: Sizilianisch (Frühes Fianchetto).} Bg7 7. Bd3 f6 8. O-O $146 (8. dxc5 fxe5 9. Bc2 Nf6 $17) ({Predecessor:} 8. exf6 Nxf6 9. O-O O-O 10. Re1 Nh5 11. Be3 Qb6 12. Qb3 Qxb3 13. axb3 Rxf3 14. gxf3 cxd4 15. cxd4 Nxd4 16. Bxd4 Bxd4 17. Rxe7 {0-1 Kramnik,V (2753)-Vakhidov,J (2607) Astana Satty Zhuldyz Blitz 2023 (3)}) 8... fxe5 9. dxe5 Nxe5 10. Nxe5 Bxe5 11. f4 Bg7 12. f5 $1 Nf6 13. fxg6 c4 14. Bc2 Qb6+ 15. Qd4 (15. Kh1 {mit weiteren Verwicklungen.} Bg4 16. Qe1 hxg6 17. Bxg6+ Kd7 18. Bg5) 15... Qxd4+ 16. cxd4 Ne4 17. Be3 $1 Ng3 (17... hxg6 $11 18. Nc3 Bf5) 18. Rf2 $14 Be6 (18... hxg6 $6 19. Bxg6+ Kd7 20. Nc3 $18) 19. gxh7 Kd7 (19... Ne4 $1 $14) 20. Nc3 $18 b5 (20... Raf8 {war angesagt.} 21. Rxf8 Rxf8) 21. Ne2 $2 (21. Kh2 $18 {ist viel giftiger.} Nh5 22. Re2) 21... Ne4 $16 22. Bxe4 dxe4 23. Nc3 ({Besser ist} 23. d5 $16 Bxd5 24. Rd1) 23... Rxh7 $14 24. Nxe4 Kc6 25. Rd1 (25. Ng5 $5 Rh6 $8 26. Re1 $14) 25... Bd5 26. Nc3 Bf6 ({Vorzuziehen ist} 26... b4 $11 27. Nxd5 Kxd5) 27. Rf5 (27. Nxd5 {vereinfacht} Kxd5 28. Rf5+ Ke6 29. Rf3) 27... Rd8 28. Bg5 (28. Bf2 $14) 28... b4 $15 29. Ne2 Rh5 $1 30. h4 Bxg5 $1 31. hxg5 {[%emt 0:00:02] [#]} e6 $1 32. Nf4 exf5 33. Nxh5 Rg8 34. Nf4 Rxg5 35. Kf2 Rg4 36. g3 Rg8 37. Re1 Be4 38. Rc1 $1 Kb5 39. Ne6 Rh8 ({Günstiger ist} 39... Rc8 $15 40. Nc5 Bd5) 40. Nc7+ $11 Kb6 41. Rxc4 Rh2+ (41... Rc8 $2 42. Nd5+ (42. Rxb4+ $2 {verliert.} Kxc7 43. Rc4+ Kb7 $19) 42... Kb7 43. Rxc8 (43. Rxb4+ Ka7 $18) 43... Kxc8 44. Nxb4 $18) 42. Ke3 Rxb2 43. d5 Rxa2 44. d6 $1 Ra3+ 45. Kf4 a5 46. Ne6 $2 {[%emt 0:05:24] [#]} (46. Nd5+ $1 $11 {und Weiss muss sich keine Sorgen machen.} Bxd5 47. d7 Bxc4 (47... Rf3+ $2 48. Ke5 $18) 48. d8=Q+ Kc5 49. Kxf5) 46... Bc6 $1 $19 47. Nd4 Rc3 $2 (47... Be8 $19 {...Rd3 ist eine echte Drohung.} 48. Rc8 Ba4 (48... Bd7 49. Rd8 $17)) 48. Rxc3 $11 bxc3 49. Ke3 Bd7 50. Kd3 Kc5 51. Kxc3 Kxd6 52. Nxf5+ $1 Bxf5 53. g4 Bxg4 1/2-1/2

[Event "55th Ladies GM 2024"]
[Site "Belgrade9"]
[Date "2024.03.07"]
[Round "6.1"]
[White "Pogorelskikh, Sofia"]
[Black "Djukic, Sandra"]
[Result "1-0"]
[ECO "B15"]
[WhiteElo "2214"]
[BlackElo "2127"]
[Annotator "RC"]
[PlyCount "89"]
[EventDate "2024.03.02"]
[EventType "tourn"]
[EventCountry "SRB"]
[SourceTitle "playchess.com"]
[Source "ChessBase"]
[SourceQuality "1"]
[TimeControl "40/5400+30:1800+30"]

1. e4 c6 2. d4 d5 3. Nc3 dxe4 4. Nxe4 Nf6 5. Nxf6+ exf6 6. c3 Bd6 7. Bd3 O-O 8. Qc2 h5 9. Ne2 Re8 10. Be3 Nd7 11. O-O-O Nf8 12. c4 Be6 13. a3 Rc8 14. h3 h4 15. Kb1 Ng6 16. Nc3 b5 17. c5 Bf8 18. d5 cxd5 19. Bxb5 Bxc5 20. Bxc5 Rxc5 21. Bxe8 Qxe8 22. Rd4 Ne7 23. Qa4 Qc8 24. Qxa7 Rc7 25. Qa4 Rxc3 26. bxc3 Nf5 27. Qb4 Qc7 28. a4 Qe5 29. Rhd1 g5 30. a5 Nxd4 31. cxd4 Qe2 32. Rc1 Kg7 33. Ka1 Bf5 34. Qa3 Bd3 35. Qb2 Qe8 36. Qb4 Qe2 37. Qe1 Qh5 38. Rc6 Qg6 39. Qe7 Qf5 40. Rc7 Qg6 41. Rc8 Qh5 42. f3 Bh7 43. a6 g4 44. fxg4 Qg5 45. Qf8+ 1-0

[Event "55th Ladies GM 2024"]
[Site "Belgrade9"]
[Date "2024.03.07"]
[Round "6.2"]
[White "Doluhanova, Evgeniya"]
[Black "Kubicka, Anna"]
[Result "1/2-1/2"]
[ECO "E65"]
[WhiteElo "2261"]
[BlackElo "2278"]
[Annotator "RC"]
[PlyCount "297"]
[EventDate "2024.03.02"]
[EventType "tourn"]
[EventCountry "SRB"]
[SourceTitle "playchess.com"]
[Source "ChessBase"]
[SourceQuality "1"]
[TimeControl "40/5400+30:1800+30"]

1. Nf3 Nf6 2. c4 g6 3. Nc3 Bg7 4. g3 O-O 5. Bg2 d6 6. O-O c5 7. d4 Nc6 8. dxc5 dxc5 9. Be3 Qa5 10. Nd5 Be6 11. Ng5 Bxd5 12. cxd5 Nd4 13. Bd2 Qa6 14. e3 Nb5 15. a4 Nd6 16. Bc3 Rac8 17. Qc2 h6 18. Nh3 Nd7 19. Rfe1 Ne5 20. Red1 c4 21. Nf4 Qb6 22. Bd4 Qa5 23. e4 a6 24. h4 h5 25. Bc3 Qc7 26. Qe2 b5 27. Nh3 Nd3 28. Nf4 b4 29. Bxg7 Nxf4 30. gxf4 Kxg7 31. f5 c3 32. bxc3 bxc3 33. Rac1 Qc4 34. Rd3 c2 35. Rd2 Qxa4 36. Rdxc2 Rxc2 37. Rxc2 Qa1+ 38. Qf1 Qxf1+ 39. Kxf1 gxf5 40. e5 Nb5 41. Ra2 Rc8 42. Rxa6 Rc4 43. Rb6 Nd4 44. Rb1 f4 45. Be4 f3 46. Ke1 f5 47. exf6+ Kxf6 48. Kd2 Ra4 49. Bd3 Ke5 50. Re1+ Kxd5 51. Rxe7 Ra2+ 52. Ke3 Nf5+ 53. Bxf5 Re2+ 54. Kxf3 Rxe7 55. Kf4 Rg7 56. f3 Kd6 57. Bc8 Ke7 58. Ke5 Rg3 59. Kf4 Rg8 60. Bb7 Kf6 61. Bd5 Rd8 62. Bc6 Rd4+ 63. Kg3 Rd1 64. Be8 Rd5 65. Bc6 Re5 66. Be4 Rc5 67. Bd3 Rc1 68. Bb5 Re1 69. Bc6 Ke5 70. Be8 Rg1+ 71. Kf2 Rg8 72. Bxh5 Rh8 73. Bg4 Rxh4 74. Ke3 Rh1 75. f4+ Kf6 76. Kf3 Rf1+ 77. Ke3 Re1+ 78. Kf3 Re7 79. Bc8 Rc7 80. Ba6 Rc6 81. Bb5 Rb6 82. Bc4 Rb4 83. Ba6 Ra4 84. Bb5 Ra5 85. Bc4 Rc5 86. Ba6 Rc6 87. Bb5 Rd6 88. Kg4 Rd5 89. Bc4 Rd2 90. Ba6 Rg2+ 91. Kf3 Ra2 92. Bb5 Rb2 93. Ba6 Rb8 94. Kg4 Rg8+ 95. Kf3 Ra8 96. Bb5 Ra5 97. Bc4 Rc5 98. Ba6 Ke6 99. Kg4 Rc7 100. Bb5 Rg7+ 101. Kf3 Kd5 102. Ba6 Kd4 103. Bc8 Rc7 104. Be6 Rc1 105. f5 Ke5 106. Ke3 Rc3+ 107. Kd2 Ra3 108. Kc2 Rg3 109. Kb2 Rf3 110. Kc2 Kd4 111. Kb2 Rf1 112. Kc2 Rf4 113. Kb2 Rf3 114. Kc2 Rc3+ 115. Kd2 Rc6 116. Ke2 Rc2+ 117. Kf3 Rc1 118. Kf4 Rf1+ 119. Kg5 Ke5 120. Kg4 Rg1+ 121. Kf3 Rg7 122. Bc8 Rc7 123. Be6 Rc3+ 124. Ke2 Ke4 125. f6 Rc2+ 126. Kd1 Rf2 127. f7 Kd3 128. Kc1 Kc3 129. Kd1 Rf6 130. Bd5 Kd4 131. Ba2 Kd3 132. Bb1+ Ke3 133. Ba2 Rf2 134. Bc4 Rf4 135. Bb3 Kd3 136. Ke1 Rf6 137. Ba2 Ke3 138. Bc4 Rf4 139. Ba2 Rf2 140. Kd1 Kd3 141. Bb1+ Kd4 142. Ba2 Ke3 143. Bc4 Rf4 144. Ba2 Kd3 145. Bb1+ Kd4 146. Ba2 Rf2 147. Ke1 Ke3 148. Kd1 Rxf7 149. Bxf7 1/2-1/2

[Event "55th Ladies GM 2024"]
[Site "Belgrade9"]
[Date "2024.03.07"]
[Round "6.3"]
[White "Kulkarni Bhakti"]
[Black "Xu, Yuanyuan"]
[Result "0-1"]
[ECO "E47"]
[WhiteElo "2372"]
[BlackElo "2288"]
[Annotator "TA"]
[PlyCount "86"]
[EventDate "2024.03.02"]
[EventType "tourn"]
[EventCountry "SRB"]
[SourceTitle "playchess.com"]
[Source "ChessBase"]
[SourceQuality "1"]
[TimeControl "40/5400+30:1800+30"]

1. d4 Nf6 2. c4 e6 3. Nc3 Bb4 4. e3 O-O 5. Bd3 c5 6. Bd2 cxd4 7. exd4 Re8 8. Nf3 {[%emt 0:01:14] The position is equal.} b6 9. a3 Bf8 10. O-O Bb7 11. Re1 d6 12. h3 Nbd7 13. Bf4 a6 14. Rc1 Rc8 15. b4 h6 16. Bh2 g6 17. Re3 h5 18. Qc2 b5 19. c5 (19. cxb5 Nd5 20. Qd2 Nxe3 21. Qxe3 Qb6 $17) 19... dxc5 20. bxc5 (20. dxc5 $5 Bh6 21. Rce1 Bxe3 22. Rxe3 $11) 20... Bh6 {[%emt 0:02:46] [#] Prevents Ng5.} 21. Bd6 $2 Nf8 $2 {[%emt 0:07:35] [#]} (21... Bxe3 $17 {stays on course.} 22. fxe3 Bxf3 23. gxf3 e5) 22. Rf1 Nd5 (22... Bxe3 23. fxe3) 23. Nxd5 Bxd5 {[%emt 0:00:04] [#]} 24. Qe2 $1 Rc6 {[%emt 0:03:36] [#]} 25. Ne5 Rxd6 $11 26. cxd6 Qxd6 27. f4 Bb7 (27... Qxa3 $2 28. Bxg6 $18) 28. Be4 Bxe4 29. Rxe4 Qxa3 30. Qc2 {[%emt 0:02:57] Repels Rc8} Qd6 31. Qc5 Rd8 32. Qa7 Nd7 33. Kh1 Qb6 34. Qxb6 Nxb6 35. Ra1 $1 Ra8 $36 {[%emt 0:01:02][%mdl 2048] Black is pushing.} 36. Nxg6 Nd5 37. Ne5 Bxf4 (37... a5 $17 38. Nc6 a4 (38... Bxf4 39. Rxa5 Rxa5 40. Nxa5 $14)) 38. Nc6 {[%emt 0:02:55] [#]} (38. Re2 $1 $11) 38... Bc7 (38... Bd2 $1 $17 {...a5 would now be deadly.} 39. Rh4 Nf6) 39. Re2 $1 $15 a5 {[%emt 0:01:32] White must now prevent ...Ra6.} 40. Rb2 Ra6 $1 ({Of course not} 40... b4 $6 41. Nxb4 Ne7 (41... Nxb4 42. Rxb4 Kg7 43. Rb7 $16) 42. Nd3 $14) 41. Rc1 (41. Nb4 $17 Rd6 (41... axb4 42. Rxa6 Kg7 43. Rc6 $18) (41... Nxb4 42. Rxb4 h4 43. Rxb5 $11) 42. Nxd5 Rxd5 43. Rc2) 41... b4 {[%emt 0:02:19] Strongly threatening ...Bf4.} 42. Rc5 $2 (42. Ne5 {keeps fighting.}) 42... Bd6 $19 43. Nb8 Ra8 {[%emt 0:03:50] Weighted Error Value: White=0.43/Black=0.20 (precise) .  Loses game:     	White=1     	---        Mistake:       	White=4     	Black=3      Inaccurate:     	White=4     	Black=4      OK:         	White=11    	Black=14     Best:        	White=2     	Black=3      Strong:       	White=2     	Black=1} 0-1

[Event "55th Ladies GM 2024"]
[Site "Belgrade9"]
[Date "2024.03.07"]
[Round "6.5"]
[White "Vujovic, Vera"]
[Black "Mehmed, Elif"]
[Result "0-1"]
[ECO "B56"]
[WhiteElo "2175"]
[BlackElo "2194"]
[Annotator "RC"]
[PlyCount "86"]
[EventDate "2024.03.02"]
[EventType "tourn"]
[EventCountry "SRB"]
[SourceTitle "playchess.com"]
[Source "ChessBase"]
[SourceQuality "1"]
[TimeControl "40/5400+30:1800+30"]

1. e4 c5 2. Nf3 d6 3. d4 cxd4 4. Nxd4 Nf6 5. Nc3 e5 6. Ndb5 a6 7. Na3 b5 8. Nd5 Nxe4 9. Be3 Nd7 10. Bxb5 Rb8 11. Bc6 Bb7 12. Bb6 Qh4 13. Nc7+ Kd8 14. g3 Qh3 15. Nxa6+ Nxb6 16. Nxb8 Qg2 17. Rf1 Kc7 18. Bxb7 Kxb7 19. Qe2 Nc5 20. b4 Nca4 21. Na6 Qc6 22. c4 Qc8 23. b5 d5 24. Qf3 f5 25. Rc1 e4 26. Qb3 Nc5 27. Nxc5+ Qxc5 28. Nb1 Be7 29. Nd2 Ra8 30. Rc2 d4 31. Qb2 d3 32. Nb3 Qb4+ 33. Rd2 Nxc4 34. Qd4 Rxa2 35. Qd7+ Kb8 36. Qe8+ Kc7 37. Qc6+ Kd8 38. Qd5+ Nd6 39. b6 Bg5 40. Qg8+ Ke7 41. f4 e3 42. Rf3 Qxd2+ 43. Nxd2 Ra1+ 0-1